 Dungeon Crawl Stone Soup version 0.27.1 (webtiles) character file.

Game seed: 7937278348609601124

107 Gabide the Ducker (level 5, 0/39 HPs)
             Began as a Djinni Gladiator on Aug 27, 2021.
             Slain by a gnoll shaman (6 damage)
             ... on level 4 of the Dungeon.
             The game lasted 00:03:19 (3070 turns).

Gabide the Ducker (Djinni Gladiator)                Turns: 3070, Time: 00:03:20

Health: 0/39       AC:  4    Str: 14    XL:     5   Next: 10%
Gold:   144        EV: 13    Int:  9    God:
                   SH:  0    Dex: 15

rFire    + + .     SeeInvis .   g - +5 short sword
rCold    x . .     Faith    .   (no shield)
rNeg     . . .     Spirit   .   b - +0 leather armour
rPois    ∞         Reflect  .   c - +0 helmet
rElec    .         Harm     .   (no cloak)
rCorr    .         Rampage  .   (no gloves)
Will     .....                  (boots unavailable)
Stlth    ++........             (no amulet)
HPRegen  0.13/turn              (no ring)
MPRegen  0.00/turn              (no ring)

@: flying
A: sickness immunity, fire resistance 2, cold vulnerability 1, float, innate
caster, hp casting, extra vitality 1
a: no special abilities


You were on level 4 of the Dungeon.
You visited 1 branch of the dungeon, and saw 4 of its levels.

You collected 144 gold pieces.

Inventory:

Hand Weapons
 a - a +0 long sword
 g - a +5 short sword (weapon)
Missiles
 d - 3 throwing nets (quivered)
Armour
 b - a +0 leather armour (worn)
 c - a +0 helmet (worn)
Scrolls
 e - 3 scrolls of amnesia {unknown}
 i - a scroll of teleportation {unknown}
 k - a scroll of immolation {unknown}
Potions
 f - a potion of cancellation {unknown}
 h - a potion of haste {unknown}
 j - a potion of heal wounds {unknown}


   Skills:
 + Level 2.3 Fighting
 * Level 2.1(2.9) Short Blades
 - Level 3.0(3.3) Long Blades
 + Level 1.5 Throwing
 + Level 1.0 Armour
 + Level 3.8 Dodging
 * Level 1.4 Stealth


You had one spell level left.
You knew the following spells:

 Your Spells              Type           Power      Damage    Failure   Level
a - Apportation           Tloc           0%         N/A       45%         1
b - Static Discharge      Conj/Air       0%         N/A       58%         2
Your spell library was empty.

Dungeon Overview and Level Annotations

Branches:
Dungeon (4/15)
 Temple: D:4-7

Altars:
Okawaru


Innate Abilities, Weirdness & Mutations

You are immune to sickness and miasma.
You are immune to poison.
Your flesh is very heat resistant. (rF++)
You are vulnerable to cold. (rC-)
You float through the air rather than walking.
You learn spells naturally, not from books.
Your magical power is your life essence.
You have superior vitality. (+4 HP)


Message History

You hit the gnoll shaman.
The gnoll shaman is heavily wounded.
The gnoll shaman hits you with a +0 club!
You are too injured to fight recklessly!
You are too injured to fight recklessly!
You are too injured to fight recklessly!
You are too injured to fight recklessly!
You are too injured to fight recklessly!
You are too injured to fight recklessly!
You are too injured to fight recklessly!
You are too injured to fight recklessly!
You are too injured to fight recklessly!
You are too injured to fight recklessly!
You closely miss the gnoll shaman.
The gnoll shaman is heavily wounded.
The gnoll shaman hits you with a +0 club.
You hit the gnoll shaman.
The gnoll shaman is severely wounded.
The gnoll shaman closely misses you.
You barely miss the gnoll shaman.
The gnoll shaman is severely wounded.
The gnoll shaman hits you but does no damage.
You barely miss the gnoll shaman.
The gnoll shaman is severely wounded.
The gnoll shaman prays to its god.
The gnoll shaman is healed somewhat.
You puncture the gnoll shaman!
The gnoll shaman is almost dead.
The gnoll shaman hits you with a +0 club.
You hit the gnoll shaman but do no damage.
The gnoll shaman is almost dead.
The gnoll shaman closely misses you.
You closely miss the gnoll shaman.
The gnoll shaman is almost dead.
The gnoll shaman hits you with a +0 club!
* * * LOW HITPOINT WARNING * * *
You hit the gnoll shaman.
The gnoll shaman is almost dead.
The gnoll shaman hits you with a +0 club.
You die...

...##.....##
..#....#..##..
......#.....#
...........##
...........#
#...........
#.g........
#.#.@........
#....<..#...
##.##(..# ...
##........ ..#
#......#. ....
......... ...
....#.#8. ..
.....### .
......


You could see a gnoll shaman.

Vanquished Creatures
  5 gnolls (D:3)
  An adder (D:2)
  2 dart slugs
  3 ball pythons
  3 bats
  4 endoplasms
  4 giant cockroaches
  2 goblins
  3 hobgoblins
  A quokka (D:3)
  2 frilled lizards
  8 kobolds
  7 rats
45 creatures vanquished.

Notes
Turn   | Place    | Note
-------+----------+-------------------------------------------
     0 | D:1      | Gabide the Djinni Gladiator began the quest for the Orb.
     0 | D:1      | Reached XP level 1. HP: 18/18 MP: 0/0
    66 | D:1      | Reached XP level 2. HP: 12/23 MP: 0/0
   800 | D:2      | Reached XP level 3. HP: 28/28 MP: 0/0
   800 | D:2      | Learned a level 1 spell: Apportation
   819 | D:2      | Found an iron altar of Okawaru.
   879 | D:2      | Reached skill level 1 in Stealth
  1849 | D:3      | Found a faded altar of an unknown god.
  1889 | D:3      | Reached skill level 1 in Short Blades
  1969 | D:3      | Reached XP level 4. HP: 33/33 MP: 0/0
  2957 | D:3      | Reached skill level 1 in Armour
  2957 | D:3      | Reached XP level 5. HP: 27/39 MP: 0/0
  2957 | D:3      | Learned a level 2 spell: Static Discharge
  3070 | D:4      | Slain by a gnoll shaman

Illustrated notes

Levels and vault maps discovered:
D:1:      co_arrival_square_in_a_square_in_a_square, layout_loops_ring
D:2:      layout_basic, basic_altar, serial_park_tiny_pond
D:3:      layout_basic, basic_ecumenical_altar
D:4:      layout_cave_pools, mainiacjoe_overflow_chevrons,
          eat_drink_and_be_merry_uskayaw, mainiacjoe_overflow_alcove_4,
          grunt_qazlal_clouds, minmay_temple_entry_statues_pillars,
          chequers_serial_rivers_small_3

Skill      XL: |  1  2  3  4 |
---------------+-------------+-----
Long Blades    | 3 |  3.0
Stealth        | 1 |  1.4
Short Blades   | 1 2 |  2.1
Armour         | 1 |  1.0
Fighting       | |  2.3
Throwing       | |  1.5
Dodging        | |  3.8

Action                   |  1- 3 |  4- 6 || total
-------------------------+-------+-------++-------
Melee: Long sword        |    20 |       ||    20
       Short sword       |    56 |    53 ||   109
 Stab: Sleeping          |     1 |       ||     1
Armor: Leather armour    |     9 |    13 ||    22
Dodge: Dodged            |    49 |    28 ||    77
       Rpst.: Long sword |     3 |       ||     3
